 Dungeon Crawl Stone Soup version 0.17.1-2-g5865329 (webtiles) character file.

12040 Lonerover the Fighter (level 11, -23/105 HPs)
             Began as a Minotaur Fighter on Feb 5, 2016.
             Was a High Priest of Okawaru.
             Killed from afar by Nikola (28 damage)
             ... with a chain lightning
             ... on level 1 of the Elven Halls.
             The game lasted 00:30:27 (10533 turns).

Lonerover the Fighter (Minotaur Fighter)           Turns: 10533, Time: 00:30:28

Health: -23/105    AC: 21    Str: 27    XL:     11   Next: 57%
Magic:  14/14      EV: 10    Int:  5    God:    Okawaru [*****.]
Gold:   1249       SH:  0    Dex:  9    Spells: 0 memorised, 10 levels left

rFire  . . .     SeeInvis .     p - +6 hand axe (drain)
rCold  . . .     Clarity  .     N - +3 scale mail
rNeg   . . .     SustAt   .     (no shield)
rPois  .         Gourm    .     X - +2 hat of the High Council {Archmagi, Wiz- Stlth-}
rElec  .         Spirit   .     E - +1 cloak {+Inv}
rCorr  +         Warding  .     L - +0 pair of gloves
rMut   .         Stasis   .     (no boots)
MR     .....                    R - amulet of resist corrosion
Stlth  ..........               b - +5 ring of slaying
                                Q - +4 ring of strength

@: not resistant to hostile enchantments, extremely unstealthy
A: retaliatory headbutt, horns 2, slimy green scales 1, yellow scales 1, clumsy
1, spit poison 1
a: Spit Poison, Heroism, Finesse, Renounce Religion, Evoke Invisibility


You were on level 1 of the Elven Halls.
You worshipped Okawaru.
Okawaru was extremely pleased with you.
You were not hungry.

You visited 4 branches of the dungeon, and saw 14 of its levels.
You also visited: Bailey.

You collected 1249 gold pieces.

Inventory:

Hand Weapons
 a - a +0 war axe
 p - a +6 hand axe of draining (weapon)
Armour
 c - a +0 shield
 E - a +1 cloak of invisibility (worn)
 L - a +0 pair of gloves (worn)
 N - a +3 scale mail (worn)
 X - the +2 hat of the High Council (worn) {Archmagi, Wiz- Stlth-}
   (You found it in a bailey)

   It makes you less stealthy.
Jewellery
 b - a +5 ring of slaying (right hand)
 i - an uncursed ring of flight
 j - an uncursed ring of fire
 B - a +1 ring of evasion
 Q - a +4 ring of strength (left hand)
 R - an amulet of resist corrosion (around neck)
 V - an uncursed ring of ice {unknown}
Wands
 h - a wand of paralysis (10)
 o - a wand of random effects (31)
 w - a wand of enslavement (8)
 x - a wand of magic darts (24)
 y - a wand of fireball (8)
 A - a wand of lightning (12)
 O - a wand of fire (14)
 P - a wand of lightning (12)
 U - a wand of magic darts (31)
Scrolls
 k - 6 scrolls of remove curse
 l - 5 scrolls of identify
 n - 7 scrolls of enchant armour
 q - 3 scrolls of noise
 D - 5 scrolls of teleportation
 F - a scroll of enchant weapon
 G - a scroll of blinking
 J - a scroll of silence {unknown}
 K - 2 scrolls of fear {unknown}
 M - 2 scrolls of recharging
 S - 2 scrolls of acquirement
Potions
 d - 3 potions of might
 f - a potion of lignification
 g - a potion of heal wounds {unknown}
 m - 2 potions of cure mutation
 s - 2 potions of resistance
 t - a potion of experience
 u - 4 potions of poison
 z - 3 potions of curing
 I - a potion of berserk rage
 W - a potion of flight
Comestibles
 e - 6 bread rations
 r - 7 meat rations
 v - 5 beef jerkies
 C - 3 slices of pizza
 H - 30 fruits
 T - 4 chunks of flesh


   Skills:
 * Level 12.4 Fighting
 * Level 11.9 Axes
 + Level 9.6 Armour
 + Level 9.4 Shields
 + Level 5.4 Evocations


You had 10 spell levels left.
You didn't know any spells.

Dungeon Overview and Level Annotations

Branches:
Dungeon (9/15)             Temple (1/1) D:5             Orc (3/4) D:9
    Elf (1/3) Orc:3
   Lair: D:8-11

Altars:
Ashenzari
Cheibriados
Dithmenos
Elyvilon
Fedhas
Gozag
Kikubaaqudgha
Makhleb
Nemelex Xobeh
Okawaru
Qazlal
Ru
Sif Muna
Trog
Vehumet
Xom
Yredelemnul
Zin
The Shining One

Shops:
D:9 :

Annotations:
Elf:1 Nikola


Innate Abilities, Weirdness & Mutations

You reflexively headbutt those who attack you in melee.
You have a pair of horns on your head.
You are partially covered in slimy green scales (AC +2).
You are partially covered in yellow scales (AC +2).
You are clumsy. (Dex -2)
You can spit weak poison.


Message History

Nikola warns, "If you see one of my golems, approach with caution, they bite."
Nikola gestures wildly while chanting.
You hear a mighty clap of thunder!
The lightning arc hits you!
The lightning arc hits the deep elf mage.
The lightning arc hits you!
The lightning arc hits the deep elf mage.
The deep elf mage dies!
The lightning arc hits you!
The lightning arc hits Nikola.
You hear a shout! x3
The battlesphere dissipates.
Nikola gestures at you while chanting. The bolt of lightning hits you!
* * * LOW HITPOINT WARNING * * *
The bolt of lightning hits you!
* * * LOW HITPOINT WARNING * * *
Nikola casts a spell.
You hear a mighty clap of thunder!
The lightning arc hits you!
You die...

#......# #####...####...#
##.....# ##.# #.#####.###.....
##....####..#####..# ##.#......
##.#...##..##<##..## #........
###.#####....#)#....# ##.......
#......##....#)#....####........
#.#.##.##....#)#)...#.##.#.)....
#.#.##.##....#)#....#.@.###.(...
#.#...........)@).....#.##......
#.####......8...8.....##.#..##.#
#. #................###......#
#.
....##....#.#....####.ยง).>...
######....#.#....# #...@.....
#....#.#....##.....##.##
#....#.#....#.#..#.. ..
##..##.##..####.# ... . ... ...


You could see Nikola.

Vanquished Creatures
  3 deep elf knights (Elf:1)
  2 orc knights
  A deep elf summoner (Elf:1)
  An orc sorcerer (Bailey)
  An ugly thing (D:6)
  A centaur skeleton (D:9)
  A deep elf priest (Elf:1)
  A kobold demonologist (Bailey)
  A two-headed ogre (D:9)
  A deep elf mage (Elf:1)
  2 hippogriffs
  6 deep elf fighters (Elf:1)
  A warg (Orc:2)
  A water moccasin (D:9)
  An ice beast (D:5)
  3 sky beasts
  16 orc warriors
  A black bear (D:7)
  5 ogres
  2 phantoms
  A big kobold (D:9)
  9 centaurs
  Blork the orc (D:6)
  3 giant frogs
  2 wyvern skeletons
  3 scorpions
  3 wights (D:6)
  A centaur zombie (D:7)
  4 crimson imps
  10 orc priests
  A giant frog zombie (D:5)
  3 electric eels (Bailey)
  Crazy Yiuf (D:4)
  3 giant frog skeletons
  2 iguanas
  2 jellies
  Terence (D:2)
  4 hounds
  9 worker ants
  Natasha (thrice) (D:3)
  4 orc wizards
  A hound zombie (D:8)
  A hound skeleton (D:6)
  Robin (D:3)
  11 adders
  9 gnolls
  2 shadow imps
  2 worms
  A giant gecko (D:3)
  56 orcs
  A ball python (D:6)
  5 bats
  6 giant cockroaches
  27 goblins
  12 hobgoblins
  4 jackals
  4 quokkas
  A giant gecko skeleton (D:6)
  8 giant newts
  4 kobolds
  A quokka skeleton (D:6)
  6 rats
284 creatures vanquished.

Vanquished Creatures (others)
  A deep elf mage (Elf:1)
  An orc wizard (D:9)
2 creatures vanquished.

Grand Total: 286 creatures vanquished

Notes
Turn   | Place    | Note
--------------------------------------------------------------
     0 | D:1      | Lonerover the Minotaur Fighter began the quest for the Orb.
     0 | D:1      | Reached XP level 1. HP: 19/19 MP: 0/0
    61 | D:1      | Reached skill level 4 in Fighting
   106 | D:1      | Reached XP level 2. HP: 20/27 MP: 1/1
   132 | D:1      | Found a shattered altar of Ashenzari.
   682 | D:2      | Reached XP level 3. HP: 34/34 MP: 0/2
   742 | D:2      | Noticed Terence
   746 | D:2      | Killed Terence
   957 | D:2      | Reached XP level 4. HP: 41/41 MP: 3/3
  1006 | D:2      | Reached skill level 5 in Fighting
  1189 | D:3      | Noticed Natasha
  1195 | D:3      | Killed Natasha
  1230 | D:3      | Noticed a hippogriff
  1240 | D:3      | Killed a hippogriff
  1240 | D:3      | Reached XP level 5. HP: 19/50 MP: 4/4
  1310 | D:3      | Reached XP level 6. HP: 29/57 MP: 5/5
  1416 | D:3      | Noticed Natasha
  1419 | D:3      | Killed Natasha
  1438 | D:3      | Noticed Robin
  1439 | D:3      | Noticed Natasha
  1442 | D:3      | Reached skill level 6 in Fighting
  1447 | D:3      | Killed Natasha
  1457 | D:3      | Killed Robin
  2004 | D:4      | Reached skill level 5 in Armour
  2271 | D:4      | Reached skill level 5 in Axes
  2326 | D:4      | Reached XP level 7. HP: 61/64 MP: 6/6
  2584 | D:4      | Noticed Crazy Yiuf
  2592 | D:4      | Killed Crazy Yiuf
  2592 | D:4      | Reached skill level 5 in Shields
  2743 | D:5      | Entered Level 5 of the Dungeon
  2803 | D:5      | Reached skill level 7 in Fighting
  2877 | D:5      | Found a staircase to the Ecumenical Temple.
  3050 | D:5      | Found a snail-covered altar of Cheibriados.
  3371 | D:5      | Reached skill level 1 in Evocations
  3437 | D:5      | Reached XP level 8. HP: 43/73 MP: 7/7
  3952 | D:6      | Reached skill level 8 in Fighting
  4153 | D:6      | Found a deep blue altar of Sif Muna.
  4241 | Temple   | Entered the Ecumenical Temple
  4569 | D:6      | Found a shimmering altar of Xom.
  4570 | D:6      | Found a shimmering altar of Xom.
  4578 | D:6      | Found a shimmering altar of Xom.
  4586 | D:6      | Found a shimmering altar of Xom.
  4661 | D:6      | Noticed Blork the orc
  4670 | D:6      | Killed Blork the orc
  4901 | D:6      | Reached XP level 9. HP: 68/82 MP: 9/9
  4905 | D:6      | Reached skill level 9 in Fighting
  4973 | D:6      | Noticed a white ugly thing
  4981 | D:6      | Killed a white ugly thing
  4987 | D:6      | Gained mutation: You are dopey. (Int -2) [mutagenic meat]
  5001 | D:6      | Got a crystal dire flail
  5007 | D:6      | Identified the cursed +0 dire flail of World Downfall {crush, Str+3} (You found it on level 6 of the Dungeon)
  5036 | D:6      | Gained mutation: You can spit weak poison. [potion of mutation]
  5036 | D:6      | Gained mutation: You are partially covered in yellow scales (AC +2). [potion of mutation]
  5415 | Temple   | Became a worshipper of Warmaster Okawaru
  6965 | D:8      | Reached skill level 10 in Fighting
  7199 | D:9      | Reached * piety under Okawaru
  7214 | D:9      | Reached XP level 10. HP: 35/93 MP: 11/11
  7550 | D:9      | Noticed a centaur skeleton
  7559 | D:9      | Killed a centaur skeleton
  7559 | D:9      | Reached ** piety under Okawaru
  7646 | D:9      | Found Hapovvim's Book Boutique.
  7718 | D:9      | Reached skill level 10 in Axes
  7731 | D:9      | Found a bloodstained altar of Trog.
  7733 | D:9      | Found a sparkling altar of Nemelex Xobeh.
  7735 | D:9      | Found a glowing silver altar of Zin.
  7736 | D:9      | Found a glowing golden altar of the Shining One.
  7737 | D:9      | Found a basalt altar of Yredelemnul.
  7737 | D:9      | Found a shattered altar of Ashenzari.
  7737 | D:9      | Found an ancient bone altar of Kikubaaqudgha.
  7737 | D:9      | Found a white marble altar of Elyvilon.
  7740 | D:9      | Found a radiant altar of Vehumet.
  8135 | D:9      | Found a staircase to the Orcish Mines.
  8237 | Orc:1    | Entered Level 1 of the Orcish Mines
  8821 | Orc:2    | Noticed an orc knight
  8825 | Orc:2    | Reached skill level 11 in Fighting
  8839 | Orc:2    | Killed an orc knight
  8839 | Orc:2    | Reached *** piety under Okawaru
  9175 | Orc:3    | Found a flagged portal.
  9189 | Bailey   | Entered a bailey
  9228 | Bailey   | Found an iron altar of Okawaru.
  9228 | Bailey   | Noticed an orc sorcerer
  9235 | Bailey   | Killed an orc sorcerer
  9235 | Bailey   | Reached **** piety under Okawaru
  9252 | Bailey   | Reached XP level 11. HP: 91/102 MP: 13/13
  9296 | Bailey   | Gained mutation: You are partially covered in slimy green scales (AC +2). [potion of mutation]
  9296 | Bailey   | Lost mutation: You are dopey. (Int -2) [potion of mutation]
  9296 | Bailey   | Gained mutation: You are clumsy. (Dex -2) [potion of mutation]
  9457 | Bailey   | Noticed an orc knight
  9467 | Bailey   | Killed an orc knight
  9906 | Orc:3    | Found a staircase to the Elven Halls.
  9985 | Elf:1    | Entered Level 1 of the Elven Halls
  9985 | Elf:1    | Noticed a deep elf knight
  9985 | Elf:1    | Noticed a deep elf summoner
  9987 | Elf:1    | Noticed a deep elf knight
 10002 | Elf:1    | Killed a deep elf knight
 10002 | Elf:1    | Reached skill level 5 in Evocations
 10388 | Elf:1    | Killed a deep elf knight
 10388 | Elf:1    | Reached ***** piety under Okawaru
 10388 | Elf:1    | Reached skill level 12 in Fighting
 10390 | Elf:1    | Killed a deep elf summoner
 10390 | Elf:1    | Received a gift from Okawaru
 10454 | Elf:1    | Noticed a deep elf knight
 10461 | Elf:1    | Killed a deep elf knight
 10522 | Elf:1    | Noticed Nikola
 10524 | Elf:1    | HP: 2/105 [Nikola/bolt of lightning (29)]
 10533 | Elf:1    | Killed from afar by Nikola

Action                   |  1- 3 |  4- 6 |  7- 9 | 10-12 || total
-------------------------+-------+-------+-------+-------++-------
Melee: War axe           |    46 |       |       |       ||    46
       Hand axe          |     5 |    82 |   239 |   239 ||   565
 Abil: Evoke Flight      |     1 |       |       |       ||     1
  Use: Scroll            |     2 |       |    14 |       ||    16
       Potion            |     2 |       |     5 |     1 ||     8
  Eat: Chunk             |       |     4 |    13 |     5 ||    22
       Bread ration      |       |       |     1 |     2 ||     3
